 Dungeon Crawl Stone Soup version 0.27-a0-1071-ga85bd9520d (console) character file.

Game seed: 15058637298487053169

179 nht the Insei (level 5, -6/36 HPs)
             Began as a Vampire Transmuter on Apr 24, 2021.
             Blown up by Ijyb (12 damage)
             ... with a mindburst bolt
             ... on level 4 of the Dungeon.
             The game lasted 00:07:47 (2775 turns).

nht the Insei (Vampire Transmuter)                  Turns: 2775, Time: 00:07:47

Health: -6/36      AC:  2    Str:  9    XL:     5   Next: 33%
Magic:  7/8        EV: 19    Int: 16    God:
Gold:   13         SH:  0    Dex: 20    Spells: 4/8 levels left

rFire    . . .     SeeInvis +     - Unarmed
rCold    . . .     Faith    .   (shield currently unavailable)
rNeg     . . .     Spirit   .   (armour currently unavailable)
rPois    x         Reflect  .   (helmet currently unavailable)
rElec    .         Harm     .   (cloak currently unavailable)
rCorr    .         Rampage  .   (gloves currently unavailable)
Will     .....                  (boots currently unavailable)
Stlth    ++........             k - amulet of the acrobat
HPRegen  0.32/turn              (no ring)
MPRegen  0.11/turn              (no ring)

@: brilliant, spider-form (expiring), regenerating quickly
A: venomous fangs, alive, tiny, (fangs 3), see invisible, (unbreathing 1),
vampiric 2
a: Exsanguinate, End Transformation


You were on level 4 of the Dungeon.
You were a venomous arachnid creature.
You visited 1 branch of the dungeon, and saw 5 of its levels.

You collected 70 gold pieces.
You spent 57 gold pieces at shops.

Inventory:

Hand Weapons
 g - a +4 hand axe (melded)
Armour
 a - a +0 robe (melded)
 f - a +0 helmet (melded)
Magical Staves
 d - a staff of air
Jewellery
 k - an amulet of the acrobat (around neck)
 l - an amulet of reflection
Scrolls
 b - a scroll of teleportation
Potions
 e - a potion of mutation
 j - a potion of invisibility {unknown}


   Skills:
 - Level 0.8 Fighting
 - Level 2.1 Dodging
 * Level 5.8 Unarmed Combat
 - Level 2.0 Spellcasting
 + Level 3.9 Transmutations


You had 4 spell levels left.
You knew the following spells:

 Your Spells              Type           Power      Damage    Failure   Level
a - Beastly Appendage     Tmut           42%        N/A       13%         1
b - Spider Form           Tmut/Pois      5%         N/A       50%         3

Your spell library contained the following spells:

 Spells                   Type           Power      Damage    Failure   Level
 Wereblood                Tmut           21%        N/A       17%         2
 Ice Form                 Ice/Tmut       11%        N/A       85%         4
 Hydra Form               Tmut           10%        N/A       89%         5


Dungeon Overview and Level Annotations

Branches:
Dungeon (5/15)
 Temple: D:4-7

Altars:

Shops:
D:2 ?   D:4 [*

Annotations:
D:4 Ijyb


Innate Abilities, Weirdness & Mutations

You are a venomous arachnid creature.
You have poisonous fangs.
You are tiny and dextrous.
Your spellcasting is less reliable in this form.
Your armour is entirely melded.
You are incapable of wielding weapons or throwing items.
Your natural rate of healing is accelerated.
((You have razor-sharp teeth.))
You have supernaturally acute eyesight. (SInv)
((You can survive without breathing.))
You are afflicted with vampirism and can become a bat while bloodless.


Message History

Your +0 robe melds into your body.
You hit Ijyb.
Ijyb is lightly wounded.
Ijyb hits you with the +9 hand axe "Jefuf" {vorpal, Dex+3}.
You hit Ijyb but do no damage.
Ijyb is lightly wounded.
Ijyb hits you with the +9 hand axe "Jefuf" {vorpal, Dex+3}!
You hit Ijyb but do no damage.
Ijyb is lightly wounded.
Ijyb zaps a wand.
Your mind is blasted!
* * * LOW HITPOINT WARNING * * *
Enter note: wtf You feel much better.
Your transformation is almost over.
Ijyb barely misses you.
You hit Ijyb but do no damage.
Ijyb is poisoned.
Ijyb is lightly wounded.
Ijyb hits you with the +9 hand axe "Jefuf" {vorpal, Dex+3}.
You barely miss Ijyb.
Ijyb is lightly wounded.
Ijyb hits you with the +9 hand axe "Jefuf" {vorpal, Dex+3}.
You hit Ijyb.
Ijyb looks as sick as possible!
Ijyb is lightly wounded.
Ijyb hits you with the +9 hand axe "Jefuf" {vorpal, Dex+3}!
* * * LOW HITPOINT WARNING * * *
x2 You hit Ijyb but do no damage.
Ijyb is lightly wounded.
Ijyb screams, "Get away!"
Ijyb zaps a wand.
You struggle to resist.
Unknown command.
You barely miss Ijyb.
Ijyb is moderately wounded.
Ijyb closely misses you.
Unknown command.
You hit Ijyb.
Ijyb is heavily wounded.
You hit Ijyb.
Ijyb is heavily wounded.
Ijyb zaps a wand.
Your mind is blasted!
You die... █████.████÷.........)████████ .'...∩...'>.................. .████.████.████.██..÷████████ .█ ██.█ ███ █.████....██ ████ .█ █.██ . █..██████.§██...█ ██ ██'█

█. ██.█.......§§.█ █
█.█ █..█
█.█.....§§§§§█
█████†█████.g.
█.█....†§§§§██
.........█
█..█s█.....§§§§█
...∩...>.█
█.g.█.....§§§§§█
.........█
███........§.......
.........█
█.█......§..█h█g█
███.....██
█.█.........█.█ █
████...██
█.████.███.██..
███..███ █.█ █.█ █..
█h █....████.█ █. ...
.h
███████.██......████.█


You could see Ijyb (very poisoned).

Vanquished Creatures
  Robin (D:2)
  2 adders (D:4)
  3 worms
  3 dart slugs
  An orc (D:3)
  5 ball pythons
  3 endoplasms
  2 giant cockroaches (D:1)
  16 goblins
  7 hobgoblins
  3 jackals (D:4)
  4 kobolds
  4 quokkas
  3 bats
  2 frilled lizards (D:2)
  6 rats
65 creatures vanquished.

Vanquished Creatures (collateral kills)
  Purgy (D:4)
  An endoplasm (D:4)
  A hobgoblin (D:4)
3 creatures vanquished.

Grand Total: 68 creatures vanquished

Notes
Turn   | Place    | Note
-------+----------+-------------------------------------------
     0 | D:1      | nht the Vampire Transmuter began the quest for the Orb.
     0 | D:1      | Reached XP level 1. HP: 14/14 MP: 3/3
   155 | D:1      | Reached XP level 2. HP: 20/20 MP: 3/5
   357 | D:1      | Reached skill level 4 in Unarmed Combat
   722 | D:1      | Found a faded altar of an unknown god.
   970 | D:3      | Gained mutation: You are afflicted with vampirism and can
                  | become a bat while bloodless. [Vampire growth]
   970 | D:3      | Reached XP level 3. HP: 25/25 MP: 6/6
  1119 | D:2      | Noticed Robin
  1124 | D:2      | Killed Robin
  1257 | D:2      | HP: 1/25 [worm (12)]
  1268 | D:2      | Reached XP level 4. HP: 27/31 MP: 7/7
  1301 | D:2      | Found Vidole Macu's Magic Scroll Emporium.
  1383 | D:2      | Bought a scroll of teleportation for 36 gold pieces
  1935 | D:3      | Reached skill level 5 in Unarmed Combat
  2498 | D:4      | Noticed Ijyb
  2525 | D:3      | Learned a level 3 spell: Spider Form
  2544 | D:4      | Noticed Purgy
  2550 | D:4      | Killed Purgy
  2551 | D:4      | Reached XP level 5. HP: 27/36 MP: 6/8
  2551 | D:4      | Found Athayluj's Assorted Antiques.
  2567 | D:4      | Bought a scroll labelled OHUISA ZUOCZI for 21 gold pieces
  2583 | D:4      | Found Joviem's Armour Shoppe.
  2600 | D:5      | Entered Level 5 of the Dungeon
  2669 | D:4      | Identified the +9 hand axe "Jefuf" {vorpal, Dex+3}
  2768 | D:4      | wtf
  2775 | D:4      | Blown up by Ijyb

Illustrated notes █████.████÷.........)████████ .'...∩...'>.................. .████.████.████.██..÷████████ .█ ██.█ ███ █.████....██ ████ .█ █.██ . █..██████.§██...█ ██ ██'█

█. ██.█.......§§.█ █
█.█ █..█
█.█.....§§§§§█
█████†█████.g.
█.█....†§§§§██
.........█
█..█s█.....§§§§█
...∩...>.█
█.g.█.....§§§§§█
.........█
███........§.......
.........█
█.█......§..█h█g█
███.....██
█.█.........█.█ █
████...██
█.████.███.██..
███..███ █.█ █.█ █..
█h █....████.█ █. ...
.h
███████.██......████.█


Turn 2768 on D:4: wtf

Levels and vault maps discovered:
D:1:      dpeg_arrival_lava_altar, layout_loops_ring,
          hellmonk_ecumenical_altar_leap_of_faith
D:2:      layout_loops_ring, serial_shops, nicolae_shop_trees, uniq_robin
D:3:      layout_loops_ring
D:4:      layout_rooms, kennysheep_vampire_church, serial_shops, shop,
          kennysheep_small_circle, uniq_ijyb, uniq_purgy, uniq_blork_the_orc
D:5:      layout_basic, marbit_many_paths, portal_sewer_entry_e, uniq_grinder

Skill      XL: |  1  2  3  4 |
---------------+-------------+-----
Unarmed Combat | 4 5 |  5.8
Transmutations | 3 |  3.9
Fighting       | |  0.8
Dodging        | |  2.1
Spellcasting   | |  2.0

Action                   |  1- 3 |  4- 6 || total
-------------------------+-------+-------++-------
Melee: Unarmed           |    25 |    10 ||    35
       Headbutt          |    11 |    12 ||    23
       Bite              |     6 |     4 ||    10
       Kick              |    17 |    15 ||    32
       Hand axe          |    61 |    57 ||   118
       Punch             |       |     2 ||     2
 Cast: Beastly Appendage |    18 |    11 ||    29
       Spider Form       |       |     1 ||     1
  Use: Potion            |     5 |     3 ||     8
       Scroll            |     3 |     5 ||     8
 Stab: Sleeping          |     1 |       ||     1
Armor: Robe              |    14 |    11 ||    25
Dodge: Dodged            |    41 |    49 ||    90

Table legend: (Time is in decaauts)
 A = Elapsed time spent in this place.
 B = Non-inter-level travel time spent in this place.
 C = Inter-level travel time spent in this place.
 D = Time resting spent in this place.
 E = Time spent auto-exploring this place.
 F = Levels seen in this place.
 G = Mean time per level.
                   A        B        C        D        E       F      G
               +--------+--------+--------+--------+--------+-----+--------+
         Total |   2808 |   2633 |    175 |     23 |   2126 |   5 |  561.6 |
       Dungeon |   2808 |   2633 |    175 |     23 |   2126 |   5 |  561.6 |
               +--------+--------+--------+--------+--------+-----+--------+

Top non-repeatable levels by time:
     D:1: 863 daAuts
     D:2: 855 daAuts
     D:3: 780 daAuts
     D:4: 306 daAuts
     D:5: 2 daAuts
